 Dungeon Crawl Stone Soup version 0.28-a0-1510-gd0f6b136d3 (webtiles) character file.

Game seed: 18146243349261094204

185 frimble the Grasshopper (level 5, -5/39 HPs)
             Began as a Demonspawn Warper on Jan 15, 2022.
             Succumbed to a goblin's poison
             ... on level 4 of the Dungeon.
             The game lasted 00:07:54 (4226 turns).

frimble the Grasshopper (Demonspawn Warper)         Turns: 4226, Time: 00:07:54

Health: -5/39      AC:  8    Str: 11    XL:     5   Next: 37%
Magic:  8/8        EV: 12    Int: 16    God:
Gold:   226        SH:  0    Dex: 13    Spells: 6/8 levels left

rFire   . . .      SeeInvis .   j - +1 demon trident (drain)
rCold   . . .      Faith    .   (no shield)
rNeg    . . .      Spirit   .   b - +0 leather armour
rPois   .          Reflect  .   (no helmet)
rElec   .          Harm     .   m - +1 cloak
rCorr   .          Rampage  .   i - +0 pair of gloves
Will    +....                   (no boots)
Stlth   +.........              (no amulet)
HPRegen 0.13/turn               l - ring of willpower
MPRegen 0.11/turn               (no ring)

@: lethally poisoned (-5 -> -34)
A: thin metallic scales 1, powered by death 1
a: no special abilities


You were on level 4 of the Dungeon.
You visited 1 branch of the dungeon, and saw 4 of its levels.

You collected 226 gold pieces.

Inventory:

Hand Weapons
 a - a +0 short sword
 j - a +1 demon trident of draining (weapon)
 k - a +4 dagger
Missiles
 d - 4 boomerangs of dispersal
 e - 3 poisoned darts (quivered)
 n - 5 boomerangs
Armour
 b - a +0 leather armour (worn)
 h - a +1 buckler
 i - a +0 pair of gloves (worn)
 m - a +1 cloak (worn)
Jewellery
 l - a ring of willpower (left hand)
Scrolls
 c - a scroll of blinking
 f - 2 scrolls of teleportation


   Skills:
 - Level 2.3 Fighting
 - Level 2.7 Short Blades
 + Level 0.9 Polearms
 - Level 1.3 Throwing
 - Level 1.1 Armour
 - Level 2.5 Dodging
 + Level 1.3 Shields
 - Level 2.1 Spellcasting
 + Level 3.7 Translocations


You had 6 spell levels left.
You knew the following spells:

 Your Spells              Type           Power      Damage    Failure   Level
a - Blink                 Tloc           26%        N/A       9%          2

Your spell library contained the following spells:

 Spells                   Type           Power      Damage    Failure   Level
 Gell's Gravitas          Tloc           13%        N/A       19%         3
 Lesser Beckoning         Tloc           13%        N/A       19%         3
 Teleport Other           Tloc           13%        N/A       19%         3
 Manifold Assault         Tloc           13%        N/A       86%         5


Dungeon Overview and Level Annotations

Branches:
Dungeon (4/15)
 Temple: D:4-7

Altars:
Fedhas

Shops:
D:1 =


Innate Abilities, Weirdness & Mutations

You are partially covered in thin metallic scales. (AC +2)
You regenerate a little health from kills.


Message History

You are more poisoned.
You barely miss the goblin.
You feel very sick. The goblin hits you but does no damage.
You are more poisoned.
You barely miss the goblin.
You feel very sick. The goblin closely misses you.
The goblin hits you but does no damage.
You are more poisoned.
You are too injured to fight recklessly!
You are too injured to fight recklessly!
You are too injured to fight recklessly!
You are too injured to fight recklessly!
You closely miss the goblin.
You feel very sick. The goblin misses you.
You barely miss the goblin.
You feel very sick.
The goblin hits you with a +0 dagger of venom.
You are lethally poisoned!
You aren't carrying any potions.
As you read the scroll labelled QANKUEHUQU, it crumbles to dust.
It is a scroll of identify.
You don't have any unidentified items.
You feel very sick. The goblin barely misses you.
You barely miss the goblin.
* * * LOW HITPOINT WARNING * * *
You feel very sick. The goblin barely misses you.
You miss the goblin.
* * * LOW HITPOINT WARNING * * *
You feel very sick.
The goblin hits you with a +0 dagger of venom.
* * * LOW HITPOINT WARNING * * *
You are more poisoned.
The goblin hits you but does no damage.
You are more poisoned.
You closely miss the goblin.
You die...

#.....# #.###.## ##.###..#####
#########............
#####...#....######......
............##...†.......
...........# #(##........
########..........##[###.........
.......#........@g...##..........
.......#........######...#.......
.................................
...†...#........[.............###
.................###.........##
###............#.###.........#
##....##....................#
##..########.........#....#..#
#..#### #...#.......##.#..#


You could see a goblin.

Vanquished Creatures
  A hound (D:3)
  A centaur skeleton (D:3)
  4 adders
  An adder skeleton (D:4)
  2 worms
  A dart slug (D:1)
  5 endoplasms
  6 giant cockroaches
  7 hobgoblins
  6 jackals
  3 quokkas
  6 ball pythons
  7 bats
  6 frilled lizards
  10 goblins
  9 kobolds
  2 rats
77 creatures vanquished.

Vanquished Creatures (others)
  A hobgoblin (D:2)
  A rat (D:2)
  4 fungi (D:3)
  2 plants (D:3)
8 creatures vanquished.

Grand Total: 85 creatures vanquished

Notes
Turn   | Place    | Note
-------+----------+-------------------------------------------
     0 | D:1      | frimble the Demonspawn Warper began the quest for the Orb.
     0 | D:1      | Reached XP level 1. HP: 16/16 MP: 3/3
   173 | D:1      | Reached skill level 1 in Throwing
   173 | D:1      | Reached skill level 1 in Armour
   387 | D:1      | Gained mutation: You regenerate a little health from kills.
                  | [demonic ancestry]
   387 | D:1      | Reached XP level 2. HP: 18/22 MP: 5/5
  1126 | D:1      | Reached XP level 3. HP: 27/27 MP: 6/6
  1282 | D:1      | Found Inwipp's Jewellery Emporium.
  1699 | D:1      | Learned a level 2 spell: Blink
  1765 | D:1      | Reached skill level 3 in Translocations
  1965 | D:2      | Found a blossoming altar of Fedhas.
  2039 | D:2      | Reached XP level 4. HP: 17/34 MP: 5/7
  3471 | D:3      | Noticed a water moccasin
  3732 | D:3      | Gained mutation: You are partially covered in thin metallic
                  | scales. (AC +2) [demonic ancestry]
  3732 | D:3      | Reached XP level 5. HP: 13/39 MP: 8/8
  3972 | D:3      | Reached skill level 1 in Shields
  4226 | D:4      | Succumbed to a goblin's poison

Illustrated notes

Levels and vault maps discovered:
D:1:      dpeg_arrival_stonehenge_12_columns, layout_basic, serial_shops,
          nicolae_shop_competitors_out_of_business, solitary_fountain,
          minmay_hedge_maze, chequers_mini_garden, minmay_tetromino_o2
D:2:      layout_basic, basic_altar, lemuel_flame_loot_1
D:3:      layout_basic, shapermc_ecumenical_altar_mp_ritualfount
D:4:      layout_rooms, minmay_temple_entry_tees, minmay_cut_off

Skill      XL: |  1  2  3  4  5 |
---------------+----------------+-----
Throwing       | 1 |  1.3
Armour         | 1 |  1.1
Short Blades   | 2 |  2.7
Dodging        | 2 |  2.5
Translocations | 3 |  3.7
Shields        | 1 |  1.3
Fighting       | |  2.3
Polearms       | |  0.9
Spellcasting   | |  2.1

Action                   |  1- 3 |  4- 6 || total
-------------------------+-------+-------++-------
Melee: Short sword       |   179 |   105 ||   284
       Punch             |     2 |     2 ||     4
       Demon trident     |       |    41 ||    41
Throw: Dart              |    17 |       ||    17
       Boomerang         |     1 |       ||     1
 Cast: Blink             |     2 |     2 ||     4
  Use: Scroll            |     3 |     4 ||     7
       Potion            |     1 |     2 ||     3
Armor: Leather armour    |    64 |    45 ||   109
Dodge: Dodged            |   129 |    98 ||   227

Table legend: (Time is in decaauts)
 A = Elapsed time spent in this place.
 B = Non-inter-level travel time spent in this place.
 C = Inter-level travel time spent in this place.
 D = Time resting spent in this place.
 E = Time spent auto-exploring this place.
 F = Levels seen in this place.
 G = Mean time per level.
                   A        B        C        D        E       F      G
               +--------+--------+--------+--------+--------+-----+--------+
         Total |   4204 |   4082 |    122 |    566 |   2725 |   4 | 1051.0 |
       Dungeon |   4204 |   4082 |    122 |    566 |   2725 |   4 | 1051.0 |
               +--------+--------+--------+--------+--------+-----+--------+

Top non-repeatable levels by time:
     D:1: 2058 daAuts
     D:2: 1326 daAuts
     D:4: 466 daAuts
     D:3: 352 daAuts
